 Dungeon Crawl Stone Soup version 0.20-a0-656-g9b0dcd9 (webtiles) character file.

190 MistressOfTheDunes the Insei (level 5, -2/41 HPs)
             Began as a Mummy Monk on Feb 16, 2017.
             Slain by an orc wizard
             ... wielding a +0 dagger
              (3 damage)
             ... on level 4 of the Dungeon.
             The game lasted 00:05:58 (5137 turns).

MistressOfTheDunes the Insei (Mummy Monk)           Turns: 5137, Time: 00:05:59

Health: -2/41      AC:  0    Str: 14    XL:     5   Next: 41%
Magic:  5/5        EV: 13    Int: 10    God:
Gold:   217        SH:  0    Dex: 15    Spells: 4/4 levels left

rFire    x . .     SeeInvis .     - Unarmed
rCold    + . .     Gourm    .   (no armour)
rNeg     + + +     Faith    .   (no shield)
rPois    ∞         Spirit   .   (no helmet)
rElec    .         Reflect  .   (no cloak)
rCorr    .         Harm     .   (no gloves)
MR       .....                  (no boots)
Stlth    ++++......             (no amulet)
Regen    0.2/turn               i - ring of stealth
MPRegen  0.1/turn               k - ring of stealth

@: no status effects
A: no food or potions, fire vulnerability, cold resistance 1, negative energy
resistance 3, torment resistance, unbreathing
a: no special abilities


You were on level 4 of the Dungeon.
You were not hungry.

You visited 1 branch of the dungeon, and saw 4 of its levels.

You collected 217 gold pieces.


Innate Abilities, Weirdness & Mutations

You do not eat or drink.
Your flesh is vulnerable to fire.
You are immune to poison.
Your flesh is cold resistant. (rC+)
You are immune to negative energy. (rN+++)
You are immune to unholy pain and torment.
You can survive without breathing.


   Skills:
 + Level 3.0 Fighting
 - Level 2.4 Dodging
 - Level 1.5 Stealth
 - Level 5.1 Unarmed Combat


You had 4 spell levels left.
You didn't know any spells.

Inventory:

Missiles
 g - 8 large rocks (quivered) {=f}
Jewellery
 i - a ring of stealth (right hand)
 k - a ring of stealth (left hand)
Scrolls
 a - 2 scrolls of fog {unknown}
 b - 2 scrolls of remove curse {unknown}
 c - 2 scrolls of teleportation {unknown}
 d - 2 scrolls of identify {unknown}
 e - 2 scrolls of enchant armour {unknown}
 h - 2 scrolls of enchant weapon {unknown}
 j - 2 scrolls of recharging {unknown}
Comestibles
 f - a royal jelly

Dungeon Overview and Level Annotations

Branches:
Dungeon (4/15)
 Temple: D:4-7

Altars:
Xom

Annotations:
D:3 zhorgal's ghost, amateur MfSk

▒.▒ ▒.......▒
▒. ▒.▒ .......
▒▒▒. ▒.▒▒▒▒
.... ▒...
▒....▒ ▒.▒▒
▒....▒ ▒.▒
▒▒...▒ ▒.▒
▒▒o▒▒ ▒.▒ ▒o▒
▒>▒ ▒M▒
▒▒▒▒▒▒.▒ ▒.▒▒▒
▒▒▒▒......▒
▒...▒
▒.......▒▒▒
▒▒▒.▒▒▒†▒▒.▒▒.▒
▒........▒▒.▒
▒▒▒▒▒.▒▒▒▒▒.▒
▒.▒▒▒▒▒.▒
▒.......▒
▒▒▒▒▒▒▒▒▒


You could see an orc wizard and an orc.


Message History

You pulverise the orc!
The orc is severely wounded!
You pulverise the orc wizard!
The orc wizard is lightly wounded!
You barely miss the orc wizard!
The orc wizard is lightly wounded!
The orc wizard barely misses you!
You closely miss the orc wizard!
The orc wizard is lightly wounded!
The orc wizard hits you with a dagger!
You closely miss the orc wizard!
The orc wizard is lightly wounded!
The orc wizard closely misses you!
You beat the orc wizard into a bloody pulp!
The orc wizard is heavily wounded!
The orc wizard gestures at you while chanting!
The magic dart hits you!!! * * * don't die
* * * You barely miss the orc wizard!
The orc wizard is heavily wounded!
The orc wizard barely misses you!
You squash the orc wizard but do no damage!
The orc wizard is heavily wounded!
The orc wizard points at you and mumbles some strange words!
The puff of flame hits you!!!
The fire burns you terribly!!! * * * don't die
* * * You barely miss the orc wizard!
The orc wizard is heavily wounded!
The orc wizard hits you with a dagger! rip

Action                   |  1- 3 |  4- 6 || total
-------------------------+-------+-------++-------
Melee: Unarmed           |   193 |    94 ||   287
       Punch             |     3 |     2 ||     5
 Stab: Sleeping          |    10 |     3 ||    13
Dodge: Dodged            |   116 |    64 ||   180

Vault maps used:
D:1:      dpeg_arrival_arbitrary_b, minmay_split_cup_small
D:3:      first_bread, kennysheep_small_spiral, xom_teletrap_fun

Notes
Turn   | Place    | Note
-------+----------+-------------------------------------------
     0 | D:1      | MistressOfTheDunes the Mummy Monk began the quest for the Orb.
     0 | D:1      | Reached XP level 1. HP: 18/18 MP: 1/1
   166 | D:1      | Reached XP level 2. HP: 23/24 MP: 2/2
   169 | D:1      | Reached skill level 3 in Unarmed Combat
   942 | D:1      | Reached XP level 3. HP: 23/29 MP: 3/3
  2646 | D:3      | Found a shimmering altar of Xom.
  2690 | D:3      | Reached skill level 4 in Unarmed Combat
  2699 | D:3      | Noticed zhorgal's ghost (amateur MfSk)
  3031 | D:3      | Reached XP level 4. HP: 14/35 MP: 4/4
  4485 | D:4      | Reached XP level 5. HP: 12/41 MP: 5/5
  4748 | D:4      | Reached skill level 5 in Unarmed Combat
  5136 | D:4      | HP: 1/41 [orc wizard/puff of flame (15)]
  5137 | D:4      | Slain by an orc wizard

Vanquished Creatures
  A scorpion (D:4)
  A centaur skeleton (D:4)
  3 adders
  2 worms
  3 dart slugs
  2 leopard geckos
  5 orcs
  10 bats
  6 giant cockroaches
  7 goblins
  6 hobgoblins
  6 jackals
  A quokka (D:3)
  3 frilled lizards
  5 kobolds
  7 rats
68 creatures vanquished.
